 Dungeon Crawl Stone Soup version 0.27-a0-637-g3a9f0a9c12 (webtiles) character file.

Game seed: 14946417391616343665

62048 dbrn the Severer (level 15, -21/137 HPs)
             Began as a Hill Orc Fighter on Mar 15, 2021.
             Was an Initiate of Gozag.
             Splashed with acid (38 damage)
             ... on level 1 of the Pits of Slime.
             The game lasted 00:56:17 (19043 turns).

dbrn the Severer (Hill Orc Fighter)                Turns: 19043, Time: 00:56:17

Health: -21/137    AC: 25    Str: 32    XL:     15   Next: 5%
Magic:  0/15       EV:  5    Int:  8    God:    Gozag
Gold:   5537       SH:  0    Dex: 15    Spells: 14/14 levels left

rFire    . . .     SeeInvis +   b - +8 broad axe (vorpal)
rCold    + . .     Faith    .   P - +18 shield of the Gong {rElec rN+ Will+ EV-5}
rNeg     + . .     Spirit   +   h - +0 plate armour
rPois    +         Reflect  .   A - +2 helmet {SInv}
rElec    +         Harm     .   N - +0 cloak
rCorr    .         Rampage  .   x - +2 pair of gloves {Dex+3}
Will     +++..                  q - +0 pair of boots
Stlth    ..........             f - amulet of guardian spirit
HPRegen  0.32/turn              i - +6 ring of strength
MPRegen  0.14/turn              y - ring of willpower

@: confused, ambrosia-drunk, flying
A: agile 1, blurry vision 1, cold resistance 1, poison resistance
a: Renounce Religion, Potion Petition, Call Merchant, Bribe Branch


You were on level 1 of the Pits of Slime.
You worshipped Gozag.
Gozag was greatly pleased with you.
You visited 3 branches of the dungeon, and saw 17 of its levels.
You also visited: Sewer.

You collected 5954 gold pieces.
You spent 388 gold pieces at shops.
You paid 29 gold pieces to Gozag.

Inventory:

Hand Weapons
 a - a +0 war axe
 b - a +8 vorpal broad axe (weapon)
Armour
 h - a +0 plate armour (worn)
 q - a +0 pair of boots (worn)
 x - a +2 pair of gloves of dexterity (worn)
 A - a +2 helmet of see invisible (worn)
 C - the +2 pair of gloves of Idealism {Int+4}
   (You bought it in a shop on level 5 of the Dungeon)

   It affects your intelligence (+4).
 N - a +0 cloak (worn)
 P - the +18 shield of the Gong (worn) {rElec rN+ Will+ EV-5}
   (You found it on level 3 of the Lair of Beasts)

   It affects your evasion (-5).
   It insulates you from electricity.
   It protects you from negative energy.
   It affects your willpower, your defense against some magical effects.
Jewellery
 f - an amulet of guardian spirit (around neck)
 i - a +6 ring of strength (right hand)
 j - a ring of resist corrosion
 p - a ring of protection from fire
 y - a ring of willpower (left hand)
 R - a +4 ring of evasion
Wands
 c - a wand of random effects (15)
 l - a wand of paralysis (18)
 m - a wand of flame (55) (quivered)
 G - a wand of iceblast (16)
 Q - a wand of acid (9)
 S - a wand of mindburst (12)
Scrolls
 e - 8 scrolls of blinking
 s - 4 scrolls of fear
 u - 4 scrolls of magic mapping
 B - a scroll of immolation
 D - 5 scrolls of teleportation
 M - 2 scrolls of identify
Potions
 d - a potion of might
 g - 14 potions of curing
 k - a potion of invisibility
 n - 3 potions of magic
 o - 3 potions of brilliance
 r - 2 potions of resistance
 v - a potion of cancellation
 z - a potion of haste
 H - 3 potions of ambrosia
 I - a potion of lignification
Miscellaneous
 J - a phial of floods
 L - a phial of floods


   Skills:
 + Level 13.7 Fighting
 + Level 19.5 Axes
 + Level 11.7 Armour
 - Level 3.8 Dodging
 - Level 0.6 Stealth
 + Level 13.8 Shields
 + Level 1.1 Evocations


You had 14 spell levels left.
You didn't know any spells.
Your spell library contained the following spells:

 Spells                   Type           Power      Damage    Failure   Level
 Magic Dart               Conj           0%         1d3       96%         1
 Searing Ray              Conj           0%         3d3       99%         2
 Confusing Touch          Hex            0%         N/A       100%        3
 Dazzling Flash           Conj/Hex       0%         N/A       100%        3
 Gell's Gravitas          Tloc           0%         N/A       100%        3
 Static Discharge         Conj/Air       0%         N/A       100%        3
 Fulminant Prism          Conj/Hex       0%         3d6       100%        4
 Iskenderun's Mystic Bla  Conj/Tloc      0%         2d3       100%        4
 Petrify                  Tmut/Erth      0%         N/A       100%        4
 Summon Lightning Spire   Summ/Air       0%         N/A       100%        4
 Lightning Bolt           Conj/Air       0%         1d11      100%        5
 Metabolic Englaciation   Hex/Ice        0%         N/A       100%        5
 Silence                  Hex/Air        0%         N/A       100%        5
 Summon Forest            Summ/Tloc      0%         N/A       100%        5
 Summon Mana Viper        Hex/Summ       0%         N/A       100%        5
 Yara's Violent Unravell  Hex/Tmut       0%         3d3       100%        5
 Conjure Ball Lightning   Conj/Air       0%         3x3d6     100%        6
 Shadow Creatures         Summ           N/A        N/A       100%        6
 Summon Hydra             Summ           0%         N/A       100%        7
 Ignition                 Fire           0%         3d3       100%        8
 Shatter                  Erth           0%         3d5*      100%        9
 Tornado                  Air            0%         N/A       100%        9


Dungeon Overview and Level Annotations

Branches:
Dungeon (9/15)             Temple (0/1) D:6            Lair (6/6) D:9
  Swamp (0/4) Lair:4       Spider (0/4) Lair:2        Slime (2/5) Lair:5
    Orc (0/2) D:9           Sewer (visited)

Altars:
Ashenzari
Cheibriados
Fedhas
Gozag
Kikubaaqudgha
Nemelex Xobeh
Ru
Uskayaw
Wu Jian
Zin
The Shining One

Shops:
D:5 [

Portals:
Abyss: Lair:2

Annotations:
Lair:6 exclusion: oklob plant


Innate Abilities, Weirdness & Mutations

You are agile. (Dex +2)
Scrolls take you a little longer to read.
Your flesh is cold resistant. (rC+)
Your system is resistant to poisons. (rPois)


Message History

Magic restored.
You start resting.
HP restored.
An eye of devastation comes into view.
The eye of devastation turns its gaze towards you.
The eye of devastation gazes at you. The bolt of energy hits you!!
You slash the eye of devastation!
The eye of devastation is moderately wounded.
You slice the eye of devastation!!
The eye of devastation is almost dead.
You hit the eye of devastation.
The eye of devastation is almost dead.
You slash the eye of devastation!
You kill the eye of devastation!
You now have 5537 gold pieces (gained 6).
Magic restored.
Partly explored, can't reach some places.
Partly explored, can't reach some places.
You are splashed with acid!
You are splashed with acid!
You feel very buoyant.
You fly up into the air.
You are starting to lose your buoyancy.
You float gracefully downwards.
Partly explored, can't reach some places.
You feel very buoyant.
You fly up into the air.
You are splashed with acid!
You are splashed with acid!!
You are splashed with acid!!
You are splashed with acid!!
You are splashed with acid!!
* * * LOW HITPOINT WARNING * * *
You are confused.
You feel invigorated.
You are splashed with acid!!
* * * LOW HITPOINT WARNING * * *
You are splashed with acid!!!
You die...
Your body crumbles into a pile of gold.

### ##
###@##.##
###.......#
##.....##.##
#.....## ##
##.....## ##
##......# .#
#....#.## ###
### ..
##......###.##
##.##.#
#.......#...#
##......


There were no monsters in sight!

Vanquished Creatures
  Gastronok (Lair:1)
  The ghost of Okhlollyo the Spear-Bearer, a journeyman MiFi of the Shining One (Lair:2)
  A fire dragon (Lair:6)
  6 hydras
  2 catoblepae
  9 death yaks
  A two-headed ogre (D:8)
  A swamp dragon (Lair:6)
  2 bog bodies (Lair:4)
  A lindwurm (Lair:6)
  Pikel (D:7)
  3 ugly things
  A shining eye (Slime:2)
  A wolf spider (Lair:6)
  A guardian serpent (Lair:6)
  4 elephants (Lair:2)
  16 black mambas
  An eye of devastation (Slime:1)
  2 torpor snails
  A rime drake (Lair:3)
  14 cane toads
  12 komodo dragons
  2 ice devils (Lair:3)
  An ancient zyme (Lair:2)
  2 large abominations (Lair:2)
  2 trolls (D:9)
  3 hornets
  6 slime creatures
  19 blink frogs
  Prince Ribbit (D:7)
  A dream sheep (shapeshifter) (Lair:2)
  2 polar bears
  13 dream sheep
  A redback (Lair:6)
  A spriggan (Lair:2)
  5 wyverns
  29 yaks
  Menkaure (D:4)
  3 basilisks
  5 steam dragons
  24 water moccasins
  Duvessa (D:7)
  3 swamp drakes (Lair:6)
  2 ice beasts
  5 orc warriors (D:9)
  6 black bears
  4 sky beasts
  A necrophage (D:9)
  10 ogres
  17 wolves
  4 centaurs
  A lemure (D:7)
  5 kobold brigands (D:9)
  3 gnoll sergeants (D:9)
  14 bullfrogs
  Dowan (D:7)
  A water moccasin skeleton (D:7)
  5 scorpions
  6 killer bees (D:7)
  4 howler monkeys
  15 wights
  3 electric eels (D:9)
  A centaur zombie (D:9)
  A bullfrog zombie (D:5)
  5 jellies
  A gnoll shaman (D:5)
  6 orc priests
  A centaur skeleton (D:5)
  9 hounds
  A bullfrog skeleton (D:6)
  3 iguanas (Lair:6)
  9 orc wizards
  5 hell rats (Lair:5)
  6 worker ants
  A killer bee zombie (D:7)
  2 hound zombies
  Robin (D:4)
  A howler monkey zombie (D:6)
  A worker ant zombie (D:7)
  13 gnolls
  3 river rats (Sewer)
  19 adders
  2 shadow imps
  A white imp (D:9)
  2 ufetubi
  5 oozes (D:9)
  2 adder skeletons
  An adder zombie (D:9)
  4 worms
  2 dart slugs
  7 leopard geckos
  40 orcs
  11 bats
  9 giant cockroaches
  17 goblins
  15 hobgoblins
  7 jackals
  9 kobolds
  4 quokkas
  2 ball pythons (Sewer)
  10 frilled lizards
  A jackal skeleton (D:4)
  A leopard gecko skeleton (D:4)
  A quokka zombie (D:7)
  10 rats
566 creatures vanquished.

Vanquished Creatures (others)
  A basilisk (Lair:6)
  An iguana (Lair:6)
  43 fungi
  95 plants
140 creatures vanquished.

Grand Total: 706 creatures vanquished

Notes
Turn   | Place    | Note
-------+----------+-------------------------------------------
     0 | D:1      | dbrn the Hill Orc Fighter began the quest for the Orb.
     0 | D:1      | Reached XP level 1. HP: 19/19 MP: 1/1
    94 | D:1      | You fall into a shaft and drop 1 floor!
   210 | D:1      | Reached XP level 2. HP: 27/27 MP: 2/2
   246 | D:1      | Reached skill level 3 in Axes
   639 | D:1      | Reached XP level 3. HP: 33/33 MP: 3/3
   912 | D:2      | Reached XP level 4. HP: 36/40 MP: 1/4
  1151 | D:2      | Found an opulent altar of Gozag.
  1166 | D:2      | Became a worshipper of Gozag Ym Sagoz the Greedy
  1461 | D:3      | Reached skill level 4 in Axes
  1551 | D:3      | Reached XP level 5. HP: 46/46 MP: 5/5
  2160 | D:3      | Found a faded altar of an unknown god.
  2242 | D:3      | Reached skill level 5 in Axes
  2329 | D:3      | Reached XP level 6. HP: 44/53 MP: 3/6
  2464 | D:4      | Reached skill level 6 in Axes
  2469 | D:4      | Reached skill level 1 in Dodging
  2720 | D:4      | Reached skill level 5 in Fighting
  2720 | D:4      | Reached XP level 7. HP: 32/61 MP: 3/7
  2737 | D:4      | Found a glowing drain.
  2756 | Sewer    | Entered a sewer
  3108 | Sewer    | Reached skill level 7 in Axes
  3776 | D:4      | Noticed Robin
  3787 | D:4      | Killed Robin
  3842 | D:4      | Noticed Menkaure
  3856 | D:4      | Killed Menkaure
  3857 | D:4      | Reached skill level 5 in Shields
  4201 | D:4      | Found a sparkling altar of Nemelex Xobeh.
  4201 | D:4      | Found a glowing golden altar of the Shining One.
  4275 | D:5      | Entered Level 5 of the Dungeon
  4275 | D:5      | Found an ancient bone altar of Kikubaaqudgha.
  4316 | D:5      | Reached skill level 8 in Axes
  4340 | D:5      | Reached XP level 8. HP: 57/69 MP: 6/8
  4376 | D:5      | Reached skill level 5 in Armour
  4553 | D:5      | Identified the +3 dagger "Latyogg" {vorpal, +Blink rElec
                  | Str+4 Dex-5}
  4673 | D:5      | Found an ornate altar of the Wu Jian Council.
  4958 | D:5      | Found Koerin's Armour Boutique.
  4961 | D:5      | Bought the +2 pair of gloves of Idealism {Int+4} for 388
                  | gold pieces
  4990 | D:5      | Reached skill level 9 in Axes
  5049 | D:5      | Reached skill level 10 in Axes
  5062 | D:5      | Reached XP level 9. HP: 46/78 MP: 6/9
  5524 | D:6      | Found a hide-covered altar of Uskayaw.
  5851 | D:6      | Reached skill level 11 in Axes
  6398 | D:6      | Found a staircase to the Ecumenical Temple.
  6496 | D:7      | Found a sacrificial altar of Ru.
  6496 | D:7      | Found a broken altar of Ashenzari.
  6549 | D:7      | Noticed Pikel
  6561 | D:7      | Killed Pikel
  6641 | D:7      | Reached skill level 12 in Axes
  6762 | D:7      | Noticed Duvessa
  6763 | D:7      | Noticed Dowan
  6768 | D:7      | Killed Dowan
  6769 | D:7      | Reached XP level 10. HP: 83/86 MP: 10/10
  6776 | D:7      | Killed Duvessa
  6993 | D:7      | Found a glowing silver altar of Zin.
  7215 | D:7      | Noticed Prince Ribbit
  7227 | D:7      | Killed Prince Ribbit
  7296 | D:7      | Found a snail-covered altar of Cheibriados.
  8109 | D:8      | Reached skill level 13 in Axes
  8326 | D:8      | Noticed a two-headed ogre
  8337 | D:8      | Killed a two-headed ogre
  8571 | D:8      | Identified a scroll of acquirement
  8573 | D:8      | Acquired a +3 vorpal broad axe
  8759 | D:9      | Found a staircase to the Lair.
  8781 | D:9      | Reached XP level 11. HP: 84/97 MP: 8/11
  9135 | D:9      | Reached skill level 14 in Axes
  9151 | D:9      | Noticed a brown ugly thing
  9159 | D:9      | Killed a brown ugly thing
  9489 | D:9      | Found a staircase to the Orcish Mines.
  9979 | D:9      | Reached skill level 15 in Axes
 10223 | Lair:1   | Entered Level 1 of the Lair of Beasts
 10538 | Lair:1   | Noticed Gastronok
 10550 | Lair:1   | Killed Gastronok
 11119 | Lair:2   | Reached skill level 16 in Axes
 11119 | Lair:2   | Reached XP level 12. HP: 106/106 MP: 12/12
 11149 | Lair:2   | Reached skill level 10 in Fighting
 11434 | Lair:2   | Found a hole to the Spider Nest.
 11612 | Lair:2   | Found a transporter.
 11638 | Lair:2   | Found a one-way gate to the infinite horrors of the Abyss.
 11924 | Lair:2   | Noticed Okhlollyo's ghost (journeyman MiFi)
 11942 | Lair:2   | Found a transporter.
 11995 | Lair:2   | Reached skill level 17 in Axes
 12062 | Lair:2   | Noticed a catoblepas
 12072 | Lair:2   | Killed a catoblepas
 12099 | Lair:2   | Found an opulent altar of Gozag.
 12465 | Lair:2   | Killed Okhlollyo's ghost
 12466 | Lair:2   | Reached skill level 10 in Shields
 12837 | Lair:3   | Reached XP level 13. HP: 98/115 MP: 9/13
 13044 | Lair:3   | Reached skill level 18 in Axes
 13265 | Lair:3   | Found the +18 shield of the Gong {rElec rN+ Will+ EV-5}
 13303 | Lair:3   | Reached skill level 10 in Armour
 13611 | Lair:3   | Identified the +6 hand axe "Lean Suu" {elec, rF- Int+2
                  | Stlth+}
 14360 | Lair:4   | Found a staircase to the Swamp.
 15245 | Lair:5   | Reached XP level 14. HP: 110/126 MP: 8/14
 15931 | Lair:5   | Identified the +0 helmet of Byiloid {rPois Regen+ Int+4
                  | Stlth+}
 16132 | Lair:5   | Found a staircase to the Slime Pits.
 16246 | Lair:6   | Entered Level 6 of the Lair of Beasts
 16445 | Lair:6   | Reached skill level 19 in Axes
 16462 | Lair:6   | Reached skill level 1 in Evocations
 17321 | Lair:6   | Found a blossoming altar of Fedhas.
 17680 | Lair:6   | Gained mutation: You are weak. (Str -2) [potion of
                  | mutation]
 17680 | Lair:6   | Gained mutation: Your system is resistant to poisons.
                  | (rPois) [potion of mutation]
 17681 | Lair:6   | Lost mutation: You are weak. (Str -2) [potion of mutation]
 17681 | Lair:6   | Gained mutation: Scrolls take you a little longer to read.
                  | [potion of mutation]
 17681 | Lair:6   | Gained mutation: Your flesh is cold resistant. (rC+)
                  | [potion of mutation]
 17681 | Lair:6   | Gained mutation: You are agile. (Dex +2) [potion of
                  | mutation]
 18366 | Slime:1  | Entered Level 1 of the Pits of Slime
 18374 | Slime:1  | Reached XP level 15. HP: 136/136 MP: 15/15
 18441 | Slime:2  | Noticed a rockslime
 18441 | Slime:2  | Noticed a rockslime
 18454 | Slime:2  | Noticed an acid blob
 18484 | Slime:2  | Noticed an acid blob
 19043 | Slime:1  | Splashed with acid

Illustrated notes

Levels and vault maps discovered:
D:1:      minmay_arrival_five_plusses, layout_rooms,
          hangedman_decor_diamond_cutter
D:2:      layout_basic, grunt_gozag_breadcrumbs, kennysheep_generic_room_16
D:3:      layout_loops_ring, chequers_ecumenical_altar_twisty, minmay_quantized
D:4:      layout_basic, gammafunk_temple_overflow_wave, portal_sewer_entry_f,
          uniq_menkaure, uniq_robin
D:5:      minmay_chambers_of_threes, layout_cave_pools, lemuel_round_altar,
          general_overflow_altar, serial_shops, kennysheep_mini,
          grunt_decor_cap, kennysheep_potato
D:6:      layout_loops_cross, nicolae_overflow_hidden_temple,
          minmay_temple_entry_poolview
D:7:      layout_loops_ring, lemuel_crystal_altar,
          gammafunk_temple_overflow_statue, marbit_many_paths, uniq_pikel,
          uniq_prince_ribbit1, uniq_duvessa
D:8:      layout_basic
D:9:      cheibrodos_barr_body, layout_loops_ring, erik_lair_island,
          kennysheep_orc_monster_closet_entryway, hangedman_little_slice_of_home
Lair:1:   layout_small_grid, uniq_gastronok
Lair:2:   layout_hall_layers, spider_nest_entry_webs, basic_altar,
          gammafunk_ghost_abyssal_escape, chequers_serial_rivers_room_a
Lair:3:   layout_roguey, portal_ice_cave_demonic_guard, st_stairs_3,
          minmay_holes
Lair:4:   layout_hall_layers, skrybe_swamp_entry_bodies
Lair:5:   layout_small_grid, dpeg_slime_entry_corner
Lair:6:   hangedman_lair_tendril_chambers, layout_small_grid,
          guppyfry_lair_end_dragon, minivault_24, tgw_fedhas
Slime:1:  layout_caves, cheibrodos_slime_lost_civilization_4
Slime:2:  layout_caves

Skill      XL: |  1  2  3  4  5  6  7  8  9 10 11 12 13 14 |
---------------+-------------------------------------------+-----
Axes           | 3 4 5 6 8 10 12 13 16 17 18 19 | 19.5
Fighting       | 4 5 6 7 9 10 12 13 | 13.7
Armour         | 4 5 6 7 8 9 10 11 | 11.7
Shields        | 4 5 6 7 8 9 10 11 13 | 13.8
Dodging        | 1 2 3 |  3.8
Evocations     | 1 |  1.1
Stealth        | |  0.6

Action                   |  1- 3 |  4- 6 |  7- 9 | 10-12 | 13-15 || total
-------------------------+-------+-------+-------+-------+-------++-------
Melee: War axe           |    81 |   208 |   399 |   189 |       ||   877
       Broad axe         |       |       |       |   340 |   519 ||   859
Evoke: Wand              |       |       |       |     5 |     4 ||     9
  Use: Potion            |     1 |     1 |     3 |     2 |    14 ||    21
       Scroll            |       |     4 |     5 |    13 |     7 ||    29
 Stab: Distracted        |       |       |     6 |     3 |     4 ||    13
       Petrified         |       |       |       |       |    11 ||    11
Armor: Scale mail        |    29 |    93 |   155 |    48 |       ||   325
       Chain mail        |       |       |       |    53 |       ||    53
       Skin              |       |       |       |     1 |       ||     1
       Plate armour      |       |       |       |    92 |   193 ||   285
Dodge: Dodged            |    31 |    78 |   124 |   109 |    32 ||   374
Block: Kite shield       |    54 |   112 |   237 |   287 |   531 ||  1221

Table legend: (Time is in decaauts)
 A = Elapsed time spent in this place.
 B = Non-inter-level travel time spent in this place.
 C = Inter-level travel time spent in this place.
 D = Time resting spent in this place.
 E = Time spent auto-exploring this place.
 F = Levels seen in this place.
 G = Mean time per level.
                   A        B        C        D        E       F      G
               +--------+--------+--------+--------+--------+-----+--------+
         Total |  19222 |  18741 |    481 |   1184 |  12691 |  18 | 1067.9 |
       Dungeon |   9880 |   9625 |    255 |    555 |   6373 |   9 | 1097.8 |
          Lair |   8052 |   7835 |    217 |    324 |   5729 |   6 | 1342.0 |
    Slime Pits |    667 |    658 |      9 |    304 |    219 |   2 |  333.5 |
         Sewer |    622 |    622 |      0 |      0 |    370 |   1 |  622.0 |
               +--------+--------+--------+--------+--------+-----+--------+

Top non-repeatable levels by time:
  Lair:6: 2044 daAuts
  Lair:2: 1601 daAuts
     D:9: 1582 daAuts
     D:4: 1375 daAuts
  Lair:3: 1310 daAuts
     D:5: 1177 daAuts
  Lair:4: 1155 daAuts
     D:7: 1118 daAuts
  Lair:5: 1069 daAuts
     D:3: 1065 daAuts
     D:8: 1063 daAuts
     D:6: 1032 daAuts
  Lair:1: 872 daAuts
     D:1: 775 daAuts
     D:2: 688 daAuts
